 Dungeon Crawl Stone Soup version 0.30-a0-748-ge6a52f7cba (webtiles) character file.

Game seed: 10825305196840339633

117976 mandoloar the Eclecticist (level 16, -55/96 HPs)
             Began as a Deep Elf Conjurer on Feb 8, 2023.
             Was a High Priest of Vehumet.
             Blown up by a spellforged servitor (71 damage)
             ... with an orb of destruction
             ... summoned by the player character
             ... on level 2 of the Swamp on Feb 9, 2023.
             The game lasted 02:42:51 (43139 turns).

mandoloar the Eclecticist (Deep Elf Conjurer)      Turns: 43139, Time: 02:42:52

Health: -55/96     AC:  4    Str:  4    XL:     16   Next: 24%
Magic:  22/47      EV: 18    Int: 46    God:    Vehumet [*****.]
Gold:   2099       SH:  5    Dex: 13    Spells: 11/47 levels left

rFire   . . .      SeeInvis +    b - +3 hammer "Ratuonoi" {freeze, *Noise rPois rC++ Will+}
rCold   + + .      Faith    .    T - +0 buckler
rNeg    . . .      Spirit   .    F - +2 robe of Feasting {Rampage MP+9 Int+6 Stlth-}
rPois   +          Reflect  .    u - +1 helmet "Caumae" {rElec Int+2}
rElec   +          Harm     .    t - +1 cloak
rCorr   .          Rampage  +    m - +0 pair of gloves
Will    ++...                    h - +2 pair of boots
Stlth   ++                       C - amulet of regeneration
HPRegen 1.16/turn                j - +6 ring of intelligence
MPRegen 0.30/turn                k - ring of see invisible

@: corroded, studying Staves
A: no striking features
a: Renounce Religion


You were on level 2 of the Swamp.
You worshipped Vehumet.
Vehumet was extremely pleased with you.
You visited 5 branches of the dungeon, and saw 25 of its levels.

You collected 2584 gold pieces.
You spent 485 gold pieces at shops.

Inventory:

Hand Weapons
 a - the +10 long sword of Waritt {spect, rElec rCorr Int+2}
   (You found it on level 14 of the Dungeon)

   Int:       It affects your intelligence (+2).
   rElec:     It insulates you from electricity.
   rCorr:     It protects you from acid and corrosion.
 b - the +3 hammer "Ratuonoi" (weapon) {freeze, *Noise rPois rC++ Will+}
   (You found it on level 2 of the Dungeon)

   rC:        It greatly protects you from cold.
   rPois:     It protects you from poison.
   *Noise:    It may make noises in combat.
   Will:      It increases your willpower.
Armour
 h - a +2 pair of boots (worn)
 m - a +0 pair of gloves (worn)
 t - a +1 cloak (worn)
 u - the +1 helmet "Caumae" (worn) {rElec Int+2}
   (You bought it in a shop on level 2 of the Orcish Mines)

   Int:       It affects your intelligence (+2).
   rElec:     It insulates you from electricity.
 F - the +2 robe of Feasting (worn) {Rampage MP+9 Int+6 Stlth-}
   (You took it off an orc on level 7 of the Dungeon)

   Int:       It affects your intelligence (+6).
   MP:        It affects your magic capacity (+9).
   Rampage:   It bestows one free step when moving towards enemies.
   Stlth:     It makes you less stealthy.
 Q - a +0 kite shield
 T - a +0 buckler (worn)
Jewellery
 j - a +6 ring of intelligence (left hand)
 k - a ring of see invisible (right hand)
 r - a +4 ring of protection
 x - a ring of poison resistance
 A - a ring of resist corrosion
 C - an amulet of regeneration (around neck)
 N - a ring of positive energy
 P - a ring of protection from fire
 U - a ring of protection from cold
Wands
 f - a wand of paralysis (12)
 l - a wand of iceblast (10)
 n - a wand of mindburst (8)
 q - a wand of flame (48)
 B - a wand of light (5)
 D - a wand of polymorph (11)
 J - a wand of digging (22)
Scrolls
 v - 2 scrolls of blinking
 w - 11 scrolls of teleportation
 y - a scroll of brand weapon
 G - 2 scrolls of fog
 K - 4 scrolls of enchant weapon
 L - 5 scrolls of identify
 M - 2 scrolls of fear
 O - 2 scrolls of amnesia
Potions
 c - 2 potions of heal wounds
 d - 2 potions of invisibility
 e - 5 potions of attraction
 g - 3 potions of lignification
 i - 10 potions of curing
 o - 5 potions of mutation
 p - 6 potions of ambrosia
 s - 4 potions of brilliance
 z - 6 potions of haste
 E - 3 potions of cancellation
 I - a potion of magic
 R - a potion of resistance
 S - 3 potions of flight


   Skills:
 + Level 9.6 Fighting
 + Level 13.6 Dodging
 - Level 7.0 Stealth
 + Level 3.5 Shields
 + Level 16.0 Spellcasting
 + Level 14.2 Conjurations
 + Level 14.6 Hexes
 + Level 10.9 Summonings
 + Level 8.4 Translocations
 - Level 5.0 Air Magic


You had 11 spell levels left.
You knew the following spells:

 Your Spells              Type           Power      Damage    Failure   Level
a - Magic Dart            Conj           100%       1d8       0%          1
b - Searing Ray           Conj           100%       2d8       0%          2
c - Fulminant Prism       Conj/Hex       53%        3d22      0%          4
d - Iskenderun's Mystic   Conj/Tloc      96%        2d19      1%          4
e - Orb of Destruction    Conj           53%        9d13      1%          7
f - Spellforged Servitor  Conj/Summ      50%        N/A       1%          7
g - Summon Lightning Spi  Summ/Air       83%        N/A       1%          4
h - Malign Gateway        Summ/Tloc      45%        N/A       13%         7

Your spell library contained the following spells:

 Spells                   Type           Power      Damage    Failure   Level
 Conjure Ball Lightning   Conj/Air       45%        3x3d16    1%          6
 Summon Small Mammal      Summ           100%       N/A       0%          1
 Confusing Touch          Hex            100%       N/A       0%          3
 Dazzling Flash           Conj/Hex       100%       N/A       0%          3
 Summon Guardian Golem    Hex/Summ       100%       N/A       0%          3
 Kiss of Death            Conj/Necr      100%       2d13      1%          1
 Necrotise                Necr           100%       1d9       1%          1
 Cigotuvi's Dreadful Rot  Necr/Pois/Air  100%       N/A       1%          2
 Ensorcelled Hibernation  Hex/Ice        100%       N/A       1%          2
 Lesser Beckoning         Tloc           100%       N/A       1%          2
 Static Discharge         Conj/Air       100%       2-7/arc   1%          2
 Call Canine Familiar     Summ           95%        N/A       1%          3
 Gell's Gravitas          Tloc           85%        N/A       1%          3
 Portal Projectile        Hex/Tloc       100%       N/A       1%          3
 Teleport Other           Tloc           85%        N/A       1%          3
 Vhi's Electric Charge    Tloc/Air       100%       N/A       1%          3
 Airstrike                Air            35%        2d(5-21)  1%          4
 Anguish                  Hex/Necr       40%        N/A       1%          4
 Leda's Liquefaction      Hex/Erth       40%        N/A       1%          4
 Manifold Assault         Tloc           85%        N/A       1%          4
 Arcjolt                  Conj/Air       45%        1d55      1%          5
 Lightning Bolt           Conj/Air       45%        1d65      1%          5
 Silence                  Hex/Air        45%        N/A       1%          5
 Summon Forest            Summ/Tloc      45%        N/A       1%          5
 Summon Mana Viper        Hex/Summ       100%       N/A       1%          5
 Yara's Violent Unravell  Hex/Tmut       40%        3d16      1%          5
 Summon Cactus Giant      Summ           47%        N/A       1%          6
 Enfeeble                 Hex            53%        N/A       1%          7
 Spider Form              Tmut/Pois      36%        N/A       2%          3
 Vampiric Draining        Necr           36%        2d8       2%          3
 Lee's Rapid Deconstruct  Erth           18%        3d11*     6%          5
 Dispel Undead            Necr           36%        3d15      9%          4
 Agony                    Necr           36%        N/A       22%         5
 Death Channel            Necr           18%        N/A       77%         6
 Statue Form              Tmut/Erth      24%        N/A       77%         6


Dungeon Overview and Level Annotations

Branches:
Dungeon (15/15)            Temple (1/1) D:5            Lair (5/5) D:10
  Swamp (2/4) Lair:2       Spider (0/4) Lair:3        Slime (0/5) Lair:4
    Orc (2/2) D:11            Elf (0/3) Orc:2        Vaults (0/5) D:13
 Depths (0/4) D:15

Altars:
Ashenzari
Cheibriados
Dithmenos
Elyvilon
Fedhas
Gozag
Hepliaklqana
Kikubaaqudgha
Makhleb
Nemelex Xobeh
Okawaru
Qazlal
Ru
Sif Muna
Trog
Uskayaw
Vehumet
Wu Jian
Xom
Yredelemnul
Zin
The Shining One
Jiyva

Shops:
D:4 (   D:6 *   D:9 (   D:10 (   D:11 [(   Orc:1 ?   Orc:2 [[[(

Portals:
Trove: D:14 (give 12 scrolls of teleportation)

Annotations:
D:14 3 runed translucent doors, Kilet's ghost, adept GrEE
Lair:1 2 transporters, exclusion: oklob plant, croobank's ghost, journeyman GnWn


Message History

The bunyip completely misses you.
Something hits your spellforged servitor.
You hear a shout!
You hear a roar!
You hear a shout!
You hear an angry buzzing noise. x2
Casting: Iskenderun's Mystic Blast (safe; 1% risk of failure)
Confirm with . or Enter, or press ? or * to list all spells.
You erupt in a blast of force!
The mystic blast hits the goliath frog!!
The goliath frog is almost dead.
The goliath frog is knocked back by the mystic blast.
The mystic blast hits the spriggan rider!!
The spriggan rider is moderately wounded.
The mystic blast hits the bunyip!!
You kill the bunyip!
Vehumet accepts your kill.
You feel your power returning.
The mystic blast hits the swamp worm!
The swamp worm is heavily wounded.
The spriggan rider hits you from afar with a +0 spear!!
* * * LOW HITPOINT WARNING * * *
Your spellforged servitor conjures a glowing orb.
Something completely misses your spellforged servitor.
The swamp worm barely misses you.
Your Spellcasting skill increases to level 16!
Casting: Iskenderun's Mystic Blast (safe; 1% risk of failure)
Confirm with . or Enter, or press ? or * to list all spells.
You erupt in a blast of force!
The mystic blast hits the goliath frog!!
You kill the goliath frog!
Vehumet accepts your kill.
The mystic blast hits the spriggan rider!
The spriggan rider is heavily wounded.
The spriggan rider is knocked back by the mystic blast.
The mystic blast hits the swamp worm!
The swamp worm is almost dead.
The swamp worm is knocked back by the mystic blast.
Your orb of destruction hits a mangrove.
Something hits your spellforged servitor!
The orb of destruction hits you!!!
Ouch! That really hurt!
You die...

.~~.~. .....~. ~..§.
♣♣~~~~~~~ ....♣♣♣♣
♣♣♣~.~~§~~~ ♣....♣♣
♣.~w....~~~
♣.§)~.♣♣♣.~...i..>.
♣..i9(♣♣~~~§...~~~.
♣○*♣♣○°○.~~~~..~~~§
i~.♣♣♣♣...○○○.~..~~~~
~~~.§ ♣♣.....@~.~~~~~
..~~F ♣♣.~~~♣♣.~~~~~
~♣♣~~ ♣~..~~~.♣
.~~~~~ S~ ..~~~~.~♣♣
.~~~~. i~. ..~~~~~.♣♣
~~§~~ ~.♣.....♣ ~~~~
~ ♣...~♣♣ ~§~~ .~~.~~


You could see a spriggan rider, a swamp worm (ally target) and a friendly
spellforged servitor (summoned).

Vanquished Creatures
  Jorgrun (D:15)
  3 dire elephants
  2 bunyips
  Josephine (D:13)
  A shambling mangrove (Swamp:1)
  A vault guard (D:13)
  3 hydras
  2 centaur warriors
  An ogre mage (D:7)
  A boulder beetle (D:9)
  2 two-headed ogres
  3 nameless horrors
  3 death yaks (Lair:1)
  An alligator (Swamp:1)
  An orc high priest (Orc:2)
  A goliath frog (Swamp:2)
  A spectral anaconda (Lair:5)
  A deep elf archer (D:13)
  A swamp dragon (Swamp:1)
  3 deep elf pyromancers
  3 necromancers (Lair:5)
  2 wizards
  3 orc sorcerers
  6 cyclopes
  A will-o-the-wisp (Swamp:1)
  3 elephants (Lair:5)
  4 black mambas
  An ice statue (Lair:5)
  2 cane toads
  A gargoyle (D:7)
  Maggie (D:7)
  2 unseen horrors (D:12)
  A yaktaur (D:13)
  A dire elephant skeleton (Lair:5)
  A kobold demonologist (D:12)
  A komodo dragon (Lair:5)
  An ice devil (Lair:5)
  An efreet (D:13)
  A meliai (D:15)
  2 polar bears (Lair:5)
  Grinder (D:6)
  Prince Ribbit (D:9)
  5 trolls
  A meliai (shapeshifter) (D:15)
  6 blink frogs
  A slime creature (D:15)
  Eustachio (D:6)
  2 wyverns
  4 shadows
  5 wraiths
  19 yaks
  4 basilisks
  4 vampire mosquitoes
  5 wargs
  2 swamp worms (Swamp:1)
  An acid dragon (D:7)
  4 water moccasins
  Duvessa (D:6)
  3 hell hounds (D:15)
  A swamp drake (Lair:2)
  5 ice beasts
  8 orc warriors
  2 black bears
  A sky beast (D:8)
  An elephant skeleton (Lair:5)
  4 ogres
  A wolf (Lair:1)
  7 centaurs
  5 bullfrogs
  7 kobold brigands
  A gnoll sergeant (D:7)
  5 scorpions
  20 killer bees
  9 wights
  Dowan (D:6)
  An elephant simulacrum (Lair:5)
  6 spriggan skeletons (D:12)
  A troll skeleton (D:12)
  9 howler monkeys
  An electric eel (D:10)
  3 hounds
  3 jellies
  3 quasits
  3 gnoll boudas
  13 orc priests
  Crazy Yiuf (D:2)
  9 iguanas
  19 orc wizards
  22 gnolls
  8 adders
  6 shadow imps
  7 white imps
  3 ufetubi (D:7)
  A worm (D:3)
  2 dart slugs
  57 orcs
  6 ball pythons
  5 bats
  7 endoplasms
  A giant cockroach (D:4)
  12 goblins
  8 hobgoblins
  6 jackals (D:1)
  A quokka (D:1)
  3 frilled lizards
  28 kobolds
  5 rats
  A butterfly (Lair:3)
480 creatures vanquished.

Vanquished Creatures (collateral kills)
  Kirke (D:15)
  2 eldritch tentacles (Orc:2)
  Roxanne (D:15)
  Aizul (Swamp:1)
  An orc warlord (Orc:2)
  2 eleionomae (Swamp:1)
  Azrael (D:15)
  A bunyip (Swamp:1)
  2 dire elephants (Lair:5)
  2 slime creatures
  A fire dragon (D:11)
  2 ogre magi
  3 vault guards (D:13)
  2 hydras
  5 centaur warriors
  2 two-headed ogres
  11 death yaks
  2 boulder beetles
  A tengu warrior (D:15)
  An orc high priest (Orc:2)
  3 spriggans
  A spectral death yak (Lair:5)
  A goliath frog (Swamp:2)
  2 bog bodies (Swamp:1)
  The ghost of Tollund the Slicer, a novice KoBr of Dithmenos (D:6)
  An obsidian statue (Lair:5)
  A necromancer (Lair:5)
  2 orc knights
  An orc sorcerer (Orc:1)
  5 manticores
  4 ugly things
  2 cyclopes
  A will-o-the-wisp (Swamp:1)
  16 elephants
  A dire elephant zombie (Lair:5)
  A torpor snail (Lair:5)
  2 black mambas
  9 cane toads
  6 komodo dragons
  3 kobold demonologists
  A yaktaur (D:13)
  A freezing wraith (D:14)
  2 meliai (D:15)
  A queen bee (Lair:3)
  9 trolls
  A meliai (shapeshifter) (D:15)
  A hornet (Swamp:2)
  2 polar bears (Lair:5)
  2 tyrant leeches (Swamp:1)
  11 blink frogs
  A vampire (D:10)
  5 wyverns
  3 water elementals (D:15)
  2 wraiths
  30 yaks
  4 hogs
  A human (D:13)
  3 basilisks
  6 vampire mosquitoes
  A death yak simulacrum (Lair:5)
  A fire elemental (D:15)
  2 steam dragons (Lair:3)
  An acid dragon (D:12)
  2 swamp worms
  9 water moccasins
  2 wargs
  A hell hound (D:15)
  20 orc warriors
  4 ice beasts (Lair:5)
  A black bear (Lair:4)
  5 ogres
  3 wolves (Lair:1)
  An elephant skeleton (Lair:5)
  6 centaurs
  9 bullfrogs
  A scorpion (D:6)
  2 cane toad simulacra (Lair:5)
  14 killer bees (Lair:3)
  14 orc priests
  13 orc wizards
  52 orcs
  6 kobolds
  2 butterflies (Lair:3)
  A fulminant prism (Orc:2)
366 creatures vanquished.

Vanquished Creatures (others)
  8 eldritch tentacles
  Nessos (D:15)
  A water elemental (D:15)
  A human (D:15)
  An ice beast (Lair:5)
  An orc warrior (Orc:2)
  An orc (Orc:2)
  10 demonic plants (D:7)
  12 foxfires
  270 fulminant prisms
  38 fungi
  71 plants
  39 withered plants (Lair:5)
454 creatures vanquished.

Grand Total: 1300 creatures vanquished

Notes
Turn   | Place    | Note
-------+----------+-------------------------------------------
     0 | D:1      | mandoloar the Deep Elf Conjurer began the quest for the
                  | Orb.
     0 | D:1      | Reached XP level 1. HP: 10/10 MP: 6/6
   113 | D:1      | Reached XP level 2. HP: 15/15 MP: 0/8
   727 | D:1      | Reached skill level 4 in Spellcasting
   736 | D:1      | Reached skill level 5 in Conjurations
   736 | D:1      | Reached XP level 3. HP: 19/19 MP: 2/10
  1213 | D:2      | You fall into a shaft and drop 2 floors!
  1619 | D:4      | Found Wistar's Weapon Emporium.
  1999 | D:2      | Reached XP level 4. HP: 24/24 MP: 6/12
  2002 | D:2      | Learned a level 2 spell: Searing Ray
  2007 | D:2      | Learned a level 4 spell: Fulminant Prism
  2012 | D:2      | Learned a level 4 spell: Iskenderun's Mystic Blast
  2561 | D:2      | Found a runed translucent door.
  2562 | D:2      | Noticed Crazy Yiuf
  2751 | D:3      | Noticed a kobold brigand
  2762 | D:3      | Reached skill level 5 in Spellcasting
  2890 | D:2      | Killed Crazy Yiuf
  2891 | D:2      | Reached XP level 5. HP: 24/28 MP: 5/14
  2910 | D:2      | Identified the +3 hammer "Ratuonoi" {freeze, *Noise rPois
                  | rC++ Will+}
  3211 | D:3      | Reached skill level 6 in Spellcasting
  3511 | D:3      | Reached XP level 6. HP: 12/32 MP: 10/17
  4612 | D:4      | Identified a scroll of acquirement
  4612 | D:4      | Acquired a book of Dangerous Friends
  5128 | D:5      | Entered Level 5 of the Dungeon
  5148 | D:5      | Reached skill level 1 in Hexes
  5148 | D:5      | Reached skill level 1 in Translocations
  5279 | D:5      | Reached skill level 7 in Spellcasting
  5332 | D:5      | Reached XP level 7. HP: 36/36 MP: 14/19
  5388 | D:5      | Found a staircase to the Ecumenical Temple.
  5397 | Temple   | Entered the Ecumenical Temple
  5419 | Temple   | Became a worshipper of Vehumet
  6735 | D:6      | Found Zin's Purification Station.
  6737 | D:6      | Found a glowing silver altar of Zin.
  6749 | D:6      | Reached skill level 1 in Fighting
  6754 | D:6      | Noticed Grinder
  6865 | D:6      | Noticed Eustachio
  6876 | D:6      | Killed Eustachio
  6877 | D:6      | Reached XP level 8. HP: 43/43 MP: 7/21
  7211 | D:6      | Reached skill level 8 in Spellcasting
  7591 | D:6      | Noticed Duvessa
  7609 | D:6      | Noticed Dowan
  7616 | D:6      | Killed Dowan
  7616 | D:6      | Killed Duvessa
  8220 | D:6      | Killed Grinder
  8221 | D:6      | Reached XP level 9. HP: 49/49 MP: 11/23
  8366 | D:6      | Reached skill level 5 in Stealth
  8369 | D:6      | Reached * piety under Vehumet
  8369 | D:6      | Offered knowledge of Shock by Vehumet.
  8378 | D:6      | Learned a level 7 spell: Orb of Destruction
  8413 | D:6      | Learned a level 7 spell: Spellforged Servitor
  8854 | D:6      | Found a runed translucent gate.
  8854 | D:6      | Noticed Tollund's ghost (novice KoBr)
  8855 | D:6      | Found a runed translucent gate.
  8855 | D:6      | Found an opulent altar of Gozag.
  8856 | D:6      | Found a runed translucent gate.
  8858 | D:6      | Noticed a troll
  8956 | D:7      | Reached skill level 5 in Hexes
  9348 | D:7      | Reached skill level 5 in Dodging
  9689 | D:7      | Noticed a wizard
 10017 | D:7      | Killed a wizard
 10018 | D:7      | Reached skill level 9 in Spellcasting
 10130 | D:7      | Identified the +4 short sword "Ruse" {pain, rPois}
 10257 | D:7      | Noticed an ogre mage
 10300 | D:7      | Noticed Maggie
 10640 | D:7      | Identified the +1 robe "Bacrasemu" {Rampage rN+}
 10687 | D:7      | Reached skill level 5 in Translocations
 10704 | D:7      | Offered knowledge of Kiss of Death by Vehumet.
 10837 | D:7      | Reached ** piety under Vehumet
 11402 | D:7      | Reached XP level 10. HP: 56/56 MP: 18/25
 11529 | D:7      | Noticed a manticore
 11745 | D:7      | Identified the +2 robe of Feasting {Rampage MP+9 Int+6
                  | Stlth-}
 11750 | D:7      | Identified the +5 halberd "Gobehi" {heavy, Str+3}
 12017 | D:7      | Noticed a gargoyle
 12029 | D:7      | Killed a gargoyle
 12597 | D:7      | Killed Maggie
 12751 | D:7      | Paralysed by an ogre mage for 3 turns
 12752 | D:7      | Killed an ogre mage
 12753 | D:7      | Reached skill level 10 in Spellcasting
 12924 | D:8      | Offered knowledge of Poisonous Vapours by Vehumet.
 12958 | D:8      | Learned a level 4 spell: Summon Lightning Spire
 13184 | D:8      | Reached *** piety under Vehumet
 14057 | D:9      | Reached skill level 1 in Summonings
 14541 | D:9      | Noticed Prince Ribbit
 14555 | D:9      | Killed Prince Ribbit
 14556 | D:9      | Reached skill level 1 in Air Magic
 14815 | D:9      | Found Fesoruoh's Weapon Emporium.
 14988 | D:9      | Noticed a two-headed ogre
 14994 | D:9      | Killed a two-headed ogre
 14994 | D:9      | Offered knowledge of Flame Wave by Vehumet.
 14995 | D:9      | Reached XP level 11. HP: 62/62 MP: 10/27
 15294 | D:9      | Noticed a boulder beetle
 15295 | D:9      | Noticed a nameless horror
 15469 | D:9      | Killed a nameless horror
 15674 | D:9      | Killed a boulder beetle
 15979 | D:10     | Entered Level 10 of the Dungeon
 16066 | D:10     | Found a staircase to the Lair.
 16410 | D:10     | Found Ukeadyil's Weapon Shoppe.
 16555 | D:10     | Reached skill level 5 in Fighting
 16555 | D:10     | Reached skill level 10 in Conjurations
 16635 | D:10     | Reached **** piety under Vehumet
 16636 | D:10     | Reached skill level 11 in Spellcasting
 17137 | Lair:1   | Entered Level 1 of the Lair of Beasts
 17165 | Lair:1   | Offered knowledge of Olgreb's Toxic Radiance by Vehumet.
 17243 | Lair:1   | Found a transporter.
 17443 | Lair:1   | Noticed croobank's ghost (journeyman GnWn)
 17443 | Lair:1   | Noticed an oklob plant
 17458 | Lair:1   | Found a transporter.
 17496 | Lair:1   | Noticed a death yak
 17498 | Lair:1   | Noticed a death yak
 17498 | Lair:1   | Noticed a death yak
 17498 | Lair:1   | Noticed a death yak
 17500 | Lair:1   | Noticed a death yak
 17500 | Lair:1   | Noticed a death yak
 17538 | Lair:1   | Killed a death yak
 17544 | Lair:1   | Killed a death yak
 17668 | Lair:1   | Killed a death yak
 17681 | Lair:1   | Killed a death yak
 17686 | Lair:1   | Reached XP level 12. HP: 69/69 MP: 25/29
 17689 | Lair:1   | Killed a death yak
 17702 | Lair:1   | Killed a death yak
 18892 | Lair:2   | Reached skill level 5 in Summonings
 19323 | Lair:2   | Reached skill level 12 in Spellcasting
 19350 | Lair:2   | Found a staircase to the Swamp.
 19472 | Lair:3   | Found a hole to the Spider Nest.
 19526 | Swamp:1  | Entered Level 1 of the Swamp
 19590 | Lair:3   | Reached ***** piety under Vehumet
 19664 | Lair:3   | Offered knowledge of Starburst by Vehumet.
 19665 | Lair:3   | Reached skill level 10 in Hexes
 19927 | Lair:3   | Reached skill level 5 in Air Magic
 20976 | Lair:3   | Reached skill level 10 in Dodging
 20976 | Lair:3   | Reached XP level 13. HP: 76/76 MP: 19/31
 21347 | Lair:3   | Identified the +1 leather armour "Pups" {Str-2 Dex+4}
 21581 | Lair:4   | Found a staircase to the Slime Pits.
 21592 | Lair:4   | Found a viscous altar of Jiyva.
 22038 | Lair:4   | Reached skill level 13 in Spellcasting
 22266 | Lair:4   | Offered knowledge of Freezing Cloud by Vehumet.
 22650 | Lair:5   | Entered Level 5 of the Lair of Beasts
 24351 | Lair:5   | Noticed a dire elephant
 25035 | Lair:5   | Reached XP level 14. HP: 83/83 MP: 25/33
 25757 | Lair:5   | Reached skill level 14 in Spellcasting
 26965 | Lair:5   | Offered knowledge of Lee's Rapid Deconstruction by Vehumet.
 27191 | Lair:5   | Identified the +12 quarterstaff "Cadgh" {drain, Int+2}
 27518 | D:11     | Found Waneutuqu's Armour Boutique.
 27518 | D:11     | Found a staircase to the Orcish Mines.
 27734 | D:11     | Found a blossoming altar of Fedhas.
 27850 | D:11     | Found Xytiwuer's Weapon Boutique.
 27869 | Orc:1    | Entered Level 1 of the Orcish Mines
 29460 | D:12     | Got the Papyrus of the Excursion
 29474 | D:12     | Learned a level 7 spell: Malign Gateway
 30552 | D:6      | Killed Tollund's ghost
 32026 | D:13     | Noticed Josephine
 32028 | D:13     | Killed Josephine
 32029 | D:13     | Reached skill level 15 in Spellcasting
 32259 | D:13     | Reached XP level 15. HP: 89/89 MP: 36/36
 32329 | D:13     | HP: 4/89 [yaktaur/bolt (26)]
 32983 | D:13     | Found a gate to the Vaults.
 33343 | D:14     | Found a runed translucent gate.
 33343 | D:14     | Found a runed translucent gate.
 33354 | D:14     | Found a runed translucent gate.
 33392 | D:14     | Noticed Kilet's ghost (adept GrEE)
 33682 | D:14     | Found a portal to a secret trove of treasure.
 33737 | D:14     | Reached skill level 1 in Shields
 34502 | D:14     | Identified the +10 long sword of Waritt {spect, rElec rCorr
                  | Int+2}
 34724 | D:15     | Entered Level 15 of the Dungeon
 34728 | D:15     | Noticed Nessos
 35099 | D:15     | Noticed Roxanne
 35103 | D:15     | Noticed Jorgrun
 35111 | D:15     | Killed Jorgrun
 35112 | D:15     | Reached skill level 10 in Summonings
 35459 | D:15     | Killed Roxanne
 35642 | D:15     | Killed Nessos
 35842 | D:15     | Found a staircase to the Depths.
 36420 | D:15     | Noticed Kirke
 36438 | D:15     | Killed Kirke
 36487 | D:15     | Identified the +2 leather armour of Inquiry {Rampage rF+
                  | Str+6}
 36985 | D:15     | Noticed Azrael
 36990 | D:15     | Killed Azrael
 38521 | Orc:2    | Entered Level 2 of the Orcish Mines
 38536 | Orc:2    | Found a staircase to the Elven Halls.
 38753 | Orc:2    | Offered knowledge of Fireball by Vehumet.
 40175 | Orc:1    | Found Ludetikh's Magic Scroll Emporium.
 40181 | Orc:1    | Bought a scroll of teleportation for 42 gold pieces
 40181 | Orc:1    | Bought a scroll of fog for 56 gold pieces
 40469 | Orc:2    | Offered knowledge of Conjure Ball Lightning by Vehumet.
 40509 | Orc:2    | Found Giolluku's Antique Armour Shoppe.
 40511 | Orc:2    | Found Cestuusa's Antique Weapon Emporium.
 41106 | Orc:2    | Found Jut Yxia's Armour Shop.
 41114 | Orc:2    | Bought the +1 helmet "Caumae" {rElec Int+2} for 387 gold
                  | pieces
 41253 | Orc:2    | Found Qizxuz's Armour Emporium.
 41615 | Swamp:1  | Reached XP level 16. HP: 96/96 MP: 24/37
 42644 | Swamp:2  | Noticed Aizul
 42917 | Swamp:1  | Killed Aizul
 43138 | Swamp:2  | Reached skill level 16 in Spellcasting
 43139 | Swamp:2  | Blown up by a spellforged servitor

Illustrated notes

Levels and vault maps discovered:
D:1:      grunt_arrival_lava_bath, layout_loops_ring
D:2:      layout_loops_ring, minmay_box_of_dots, uniq_crazy_yiuf_cottage
D:3:      layout_basic, chequers_garden
D:4:      layout_cave_pools, serial_shops, nicolae_shop_bloodbath_and_beyond
D:5:      nicolae_cairo_tiling, layout_cave_pools, minmay_temple_entry_tees
D:6:      layout_loops_ring, zin_purify, ebering_ghost_gozag, minivault_23,
          uniq_grinder, uniq_eustachio, uniq_duvessa
D:7:      layout_loops_ring, serial_demonic, serial_demonic_c, serial_demonic_e,
          serial_demonic_b, serial_demonic_d, serial_demonic_a,
          serial_demonic_c, minmay_misc_feat_encased, minmay_the_grid_2x2
          [minmay_the_grid_small_cups, minmay_the_grid_tri_star,
          minmay_the_grid_tiny_cups, minmay_the_grid_prize_trominoes],
          uniq_maggie
D:8:      layout_basic, chequers_serial_rivers_small_b, nicolae_wwwww
D:9:      corexii_shack_village, layout_rooms, serial_shops,
          nicolae_shop_hallway_plus, small_statue_intersection,
          nicolae_eternal_life, grunt_ministairs_4, uniq_prince_ribbit1
D:10:     layout_irregular_city, lair_entry_dummy, serial_shops, shop,
          hive_lemuel
D:11:     dragon1_lemuel, layout_stronghold, orc_david_3, minmay_fountain_box,
          minmay_statues_item, fedhas_altar_3
D:12:     layout_roguey, hangedman_tell_no_tales
D:13:     layout_gridville, grunt_vaults_entry_fortified,
          dreamdust_princess_corridor, grunt_livestock, uniq_josephine
D:14:     layout_gridville, minmay_misc_feat_plants, enter_trove_6,
          gammafunk_ghost_hydra_chop
D:15:     hangedman_depths_entry_try_elsewhere_first, layout_rooms,
          serial_park_fountain, uniq_nessos, uniq_azrael, uniq_kirke,
          uniq_jorgrun, uniq_roxanne
Temple:   nicolae_temple_bog_church
Lair:1:   layout_cave_pods, nzn_ghost_randoct
Lair:2:   layout_loops_ring, minmay_swamp_entry_reptiles,
          infiniplex_staircase_pool
Lair:3:   regret_index_wax_grids, layout_long_grid, spider_nest_entry_web_field,
          nicolae_quartered_pool_medium, lemuel_fruit_fields
Lair:4:   layout_regular_city, dpeg_slime_entry_corner, beast_lair_carwin_3
Lair:5:   due_jungle_book, layout_cellular_growth, ice2_lemuel
Swamp:1:  layout_basic_swamp, evilmike_swamp_ruin_house_2,
          nicolae_swamp_some_circles
Swamp:2:  layout_basic_swamp, evilmike_swamp_ruin_house_6,
          nicolae_swamp_soggy_hallways, uniq_aizul
Orc:1:    layout_caves, serial_shops, shop
Orc:2:    grunt_orc_community_town_hall, layout_diamond_mine,
          grunt_orc_community_big_house_2, grunt_orc_community_big_house_1,
          grunt_orc_community_house_3, grunt_orc_community_house_3,
          grunt_orc_community_house_1, grunt_orc_community_house_1,
          grunt_orc_community_house_2, grunt_orc_community_house_2, basic_altar,
          kennysheep_orc_chapel

Skill      XL: |  1  2  3  4  5  6  7  8  9 10 11 12 13 14 15 16 |
---------------+-------------------------------------------------+-----
Spellcasting   | 4 5 6 7 8 9 10 11 12 13 15 16 | 16.0
Conjurations   | 5 6 7 8 9 10 11 12 13 14 | 14.2
Hexes          | 2 3 4 6 7 9 10 12 13 14 | 14.6
Translocations | 1 2 4 5 6 8 |  8.4
Dodging        | 3 4 5 7 8 10 11 12 13 | 13.6
Stealth        | 3 4 6 7 |  7.0
Fighting       | 1 2 3 4 5 6 7 8 9 |  9.6
Summonings     | 1 4 6 8 9 10 | 10.9
Air Magic      | 1 4 5 |  5.0
Shields        | 3 |  3.5

Action                     |  1- 3 |  4- 6 |  7- 9 | 10-12 | 13-15 | 16-18 || total
---------------------------+-------+-------+-------+-------+-------+-------++-------
  Melee: Short sword       |       |       |       |     3 |       |       ||     3
         Mace              |       |       |       |     2 |     6 |       ||     8
   Cast: Magic Dart        |    80 |    50 |    18 |    10 |    15 |       ||   173
         Searing Ray       |       |     8 |     9 |     3 |       |       ||    20
         Fulminant Prism   |       |    18 |   100 |   113 |    39 |     1 ||   271
         Iskenderun's Myst |       |     5 |    22 |    31 |    17 |    11 ||    86
         Orb of Destructio |       |       |       |    23 |   177 |    17 ||   217
         Summon Lightning  |       |       |       |    60 |    98 |     3 ||   161
         Spellforged Servi |       |       |       |    10 |   122 |    10 ||   142
         Malign Gateway    |       |       |       |       |     9 |     1 ||    10
    Use: Scroll            |     3 |     7 |     3 |    15 |     9 |     1 ||    38
         Potion            |       |       |     1 |       |     3 |       ||     4
 Armour: Robe              |     1 |     9 |    25 |    41 |    62 |     9 ||   147
  Dodge: Dodged            |     6 |    20 |    68 |   107 |   187 |    49 ||   437
  Block: Buckler           |       |       |       |       |    21 |    10 ||    31

Table legend: (Time is in decaauts)
 A = Elapsed time spent in this place.
 B = Non-inter-level travel time spent in this place.
 C = Inter-level travel time spent in this place.
 D = Time resting spent in this place.
 E = Time spent auto-exploring this place.
 F = Levels seen in this place.
 G = Mean time per level.
                   A        B        C        D        E       F      G
               +--------+--------+--------+--------+--------+-----+--------+
         Total |  43316 |  40508 |   2808 |  15448 |  17301 |  25 | 1732.6 |
       Dungeon |  27648 |  25673 |   1975 |  11126 |  10135 |  15 | 1843.2 |
        Temple |    180 |    169 |     11 |      0 |    146 |   1 |  180.0 |
          Lair |  10973 |  10298 |    675 |   2843 |   5368 |   5 | 2194.6 |
         Swamp |   1315 |   1276 |     39 |    513 |    459 |   2 |  657.5 |
  Orcish Mines |   3197 |   3090 |    107 |    966 |   1193 |   2 | 1598.5 |
               +--------+--------+--------+--------+--------+-----+--------+

Top non-repeatable levels by time:
  Lair:5: 3975 daAuts
     D:6: 3527 daAuts
     D:7: 2728 daAuts
   Orc:2: 2397 daAuts
     D:9: 2353 daAuts
    D:14: 2257 daAuts
    D:11: 2157 daAuts
    D:15: 1958 daAuts
  Lair:3: 1891 daAuts
    D:13: 1851 daAuts
  Lair:4: 1776 daAuts
  Lair:2: 1726 daAuts
    D:12: 1693 daAuts
  Lair:1: 1602 daAuts
     D:2: 1598 daAuts
